 Dungeon Crawl Stone Soup version 0.14-a0-1413-g94b8a5e (webtiles) character file.

21927 PolkaDot the Thaumaturge (level 12, -6/74 HPs)
             Began as a Vampire Conjurer on Dec 11, 2013.
             Was a High Priest of Vehumet.
             Mangled by Snorg (8 damage)
             ... on Level 3 of the Lair of Beasts on Dec 12, 2013.
             The game lasted 03:08:06 (16502 turns).

PolkaDot the Thaumaturge (Vampire Conjurer)        Turns: 16502, Time: 03:08:06

HP  -6/74        AC 11     Str  7      XL: 12   Next: 53%
MP   0/31        EV 15     Int 24      God: Vehumet [*****.]
Gold 535         SH  8     Dex 17      Spells: 11 memorised,  0 levels left

rFire  . . .     SeeInvis +     L - staff of air
rCold  + . .     Clarity  +     M - +2 orc robe {rC+}
rNeg   . . .     Conserve .     w - +0 elf buckler
rPois  .         rCorr    .     J - +2 helmet
rElec  +         rRot     .     (no cloak)
SustAb . .       Spirit   .     t - +0 pair of gloves {Dex+3}
rMut   .         Warding  .     F - +2 pair of boots
Saprov . . .     Stasis   .     p - amulet of clarity
                                A - +3 ring of intelligence
                                x - ring of wizardry

@: regenerating quickly, somewhat resistant to hostile enchantments, stealthy
A: bottle blood, fangs 3, talons 1, see invisible, unbreathing
a: Bottle Blood, Renounce Religion


You were on level 3 of the Lair of Beasts.
You worshipped Vehumet.
Vehumet was extremely pleased with you.
You were very full.

You visited 2 branches of the dungeon, and saw 14 of its levels.

You collected 651 gold pieces.
You spent 116 gold pieces at shops.

Inventory:

Armour
 t - a +0 pair of gloves of dexterity (worn)
 v - a +2 orcish robe of magic resistance
 w - a +0 elven buckler (worn)
 F - a +2 pair of boots (worn)
 J - a +2 helmet (worn)
 M - a +2 orcish robe of cold resistance (worn)
Magical devices
 g - a wand of flame (9)
 k - a wand of lightning (4)
 y - a wand of flame (24)
 z - a wand of lightning (7)
 D - a wand of enslavement (4)
 T - a wand of confusion (20)
Scrolls
 b - 4 scrolls of recharging
 d - 6 scrolls of teleportation
 i - a scroll of enchant armour
 j - 2 scrolls of remove curse
 s - a scroll of fear
 I - 2 scrolls of identify
 K - 2 scrolls of vulnerability
 N - a scroll of fog
 O - a scroll of amnesia
 Q - a scroll of enchant weapon II
Jewellery
 e - an uncursed ring of sustain abilities
 l - an uncursed ring of protection from fire
 p - an amulet of clarity (around neck)
 r - an uncursed amulet of resist mutation
 x - a ring of wizardry (left hand)
 A - a +3 ring of intelligence (right hand)
 C - an uncursed ring of wizardry
 E - an uncursed amulet of rage
 H - an uncursed ring of ice
 S - an uncursed ring of protection from magic
 U - an uncursed ring of ice
Potions
 h - 2 potions of restore abilities
 m - 3 potions of curing
 q - 7 potions of blood
 u - a potion of cure mutation
Books
 c - a book of Conjurations

   Spells                             Type                      Level
   Magic Dart                         Conjuration                  1
   *Searing Ray                       Conjuration                  2
   Dazzling Spray                     Conjuration/Hexes            3
   *Iskenderun's Mystic Blast         Conjuration                  4
   Iskenderun's Battlesphere          Conjuration/Charms           4
   Fulminant Prism                    Conjuration/Hexes            5
 f - a book of the Dragon

   Spells                             Type                      Level
   *Flight                            Charms/Air                   3
   Cause Fear                         Hexes                        4
   Bolt of Fire                       Conjuration/Fire             6
   Dragon Form                        Transmutation                7
   Summon Dragon                      Summoning                    9
 n - a book of Party Tricks

   Spells                             Type                      Level
   Summon Butterflies                 Summoning                    1
   Apportation                        Translocation                1
   *Blink                             Translocation                2
   Alistair's Intoxication            Transmutation/Poison         4
   Tukima's Dance                     Hexes                        5
 B - a book of Burglary

   Spells                             Type                      Level
   Apportation                        Translocation                1
   *Swiftness                         Charms/Air                   2
   Passwall                           Transmutation/Earth          3
   Passage of Golubria                Translocation                4
   Lee's Rapid Deconstruction         Earth                        5
   Darkness                           Hexes                        7
 G - a book of Envenomations

   Spells                             Type                      Level
   Spider Form                        Transmutation/Poison         3
   Poison Weapon                      Charms/Poison                3
   Summon Scorpions                   Summoning/Poison             4
   Olgreb's Toxic Radiance            Poison                       4
   *Poisonous Cloud                   Conjuration/Poison/Air       6
Magical staves
 L - an uncursed staff of air (weapon)


   Skills:
 - Level 5.9 Dodging
 - Level 3.0 Stealth
 * Level 11.5 Spellcasting
 + Level 10.2 Conjurations
 - Level 2.9 Ice Magic
 + Level 10.0 Air Magic


You couldn't memorise any spells.
You knew the following spells:

 Your Spells              Type           Power        Failure   Level  Hunger
a - Sting                 Conj/Pois      ####         1%          1    None
c - Poisonous Cloud       Conj/Pois/Air  ######....   8%          6    #####..
d - Iskenderun's Mystic   Conj           ######..     1%          4    None
f - Freeze                Ice            ####         1%          1    None
q - Blink                 Tloc           N/A          4%          2    None
s - Searing Ray           Conj           ######       1%          2    None
x - Mephitic Cloud        Conj/Pois/Air  ######..     1%          3    None
z - Lightning Bolt        Conj/Air       #######...   1%          5    ###....
F - Flight                Chrm/Air       ######....   1%          3    None
S - Swiftness             Chrm/Air       ######..     1%          2    None
Z - Bolt of Draining      Conj/Necr      #####.....   2%          5    ###....


Dungeon Overview and Level Annotations

Branches:
Dungeon (11/16)            Temple (0/1) D:7             Orc (0/4) D:10
   Lair (3/8) D:11         Shoals (0/5) Lair:3       Spider (0/5) Lair:3

Altars:
Fedhas
Kikubaaqudgha
Okawaru
Trog
Vehumet
Xom
Yredelemnul
Zin

Shops:
D:5 !   D:8 /   D:10 (

Annotations:
D:9 kuzmorgo's ghost, experienced DrWz
Lair:1 exclusion: oklob plant
Lair:3 Snorg


Innate Abilities, Weirdness & Mutations

Your natural rate of healing is unusually fast.
You can bottle blood from corpses.
You have razor-sharp teeth.*
You have supernaturally acute eyesight.
You can survive without breathing.*
You have sharp toenails.*


Message History

Okay, then.
Read which item? (? for menu, Esc to quit)
Okay, then.
Drink which item? (? for menu, Esc to quit)
Okay, then.
Read which item? (? for menu, Esc to quit)
Okay, then.
Okay, then.
Casting: Sting
Confirm with . or Enter, or press ? or * to list all spells.
Aiming: Freeze
Press: ? - help, Shift-Dir - straight line, f/p - Snorg
Aim: Snorg (almost dead, poisoned, berserk)
You freeze Snorg.
Snorg is almost dead.
* * * LOW MAGIC WARNING * * *
You block the giant frog's attack. Snorg barely misses you.
Snorg barely misses you. Snorg misses you. The giant frog barely misses you.
Snorg bites you!
You die...

##.......................
##[#......#..P#Pf#....#.
####...................
#P....##.............
##......#............
#P...................
##...........).......
##...................
#.#.@...<............
#####TF%.§.§.........
#.....§§....#....
#......§.§§§.......
#..........§§.......
#..##.f....§§§....... ##.
..#.............. #
...?...... ......
.....#......<.....


You could see Snorg (berserk) and a giant frog.

Vanquished Creatures
  Josephine (D:10)
  2 hydras
  Urug (D:10)
  A hill giant (D:11)
  An unseen horror (D:10)
  3 black mambas
  4 spiny frogs
  A troll (D:10)
  4 komodo dragons
  4 jumping spiders (Lair:3)
  8 blink frogs
  Prince Ribbit (D:4)
  The ghost of wojtek the Cudgeler, an average DsGl (D:4)
  The ghost of Bloax the Insei, an average GrMo (D:5)
  A redback (Lair:3)
  22 yaks
  A wyvern (D:11)
  A hill giant zombie (D:10)
  Grum (D:8)
  7 wolves
  4 hippogriffs
  A soldier ant (D:11)
  2 hungry ghosts (D:10)
  A manticore (D:10)
  A necrophage (D:10)
  Menkaure (D:6)
  5 porcupines
  An orc warrior (D:8)
  2 centaurs
  2 ice beasts
  4 sky beasts
  2 phantoms (D:10)
  A black bear (D:10)
  Sigmund (D:6)
  A brain worm (D:10)
  4 water moccasins
  4 crocodiles
  A giant slug (Lair:3)
  A big kobold (D:11)
  Blork the orc (D:6)
  A manticore zombie (D:10)
  An agate snail (Lair:3)
  A gnoll sergeant (D:6)
  9 giant frogs
  3 killer bees (D:10)
  3 troll zombies (D:10)
  3 yak zombies (D:10)
  A troll skeleton (D:10)
  7 wights
  3 crimson imps
  2 goliath beetles
  7 orc priests
  8 hounds
  A giant frog skeleton (D:4)
  A jelly (D:6)
  An orange rat (D:7)
  5 worker ants
  12 orc wizards
  A two-headed ogre skeleton (D:10)
  A scorpion (D:4)
  8 iguanas
  A mottled dragon zombie (D:10)
  5 ogre zombies (D:10)
  A mottled dragon skeleton (D:11)
  13 adders
  9 gnolls
  A crocodile simulacrum (D:10)
  2 giant centipedes
  16 green rats
  A steam dragon skeleton (D:10)
  A giant mite (D:7)
  2 inept item mimics
  8 worms
  2 adder skeletons
  A giant centipede zombie (D:10)
  4 grey rats (D:7)
  2 giant eyeballs
  8 giant geckos
  An ooze (D:2)
  37 orcs
  3 ball pythons
  A bat skeleton (D:6)
  2 giant cockroaches
  20 goblins
  21 hobgoblins
  24 kobolds
  7 quokkas
  21 bats
  5 giant newts
  A giant spore (D:7)
  2 goblin zombies (D:10)
  2 hobgoblin skeletons (D:10)
  2 hobgoblin zombies
  24 jackals
  A kobold skeleton (D:4)
  3 orc skeletons (D:10)
  16 orc zombies (D:10)
  31 rats
  A ballistomycete (D:7)
  A bush (Lair:1)
  A plant (Lair:2)
489 creatures vanquished.

Notes
Turn   | Place    | Note
--------------------------------------------------------------
     0 | D:1      | PolkaDot, the Vampire Conjurer, began the quest for the Orb.
     0 | D:1      | Reached XP level 1. HP: 13/13 MP: 3/3
   507 | D:1      | Reached XP level 2. HP: 19/19 MP: 2/4
  1165 | D:1      | Learned a level 2 spell: Searing Ray
  1339 | D:2      | Found a radiant altar of Vehumet.
  1349 | D:2      | Became a worshipper of Vehumet
  1388 | D:2      | Reached XP level 3. HP: 24/24 MP: 3/6
  1552 | D:2      | Reached skill level 4 in Conjurations
  1958 | D:2      | Reached XP level 4. HP: 27/30 MP: 3/7
  2212 | D:2      | Found a shimmering altar of Xom.
  2644 | D:2      | Acquired Vehumet's first power
  2644 | D:2      | Offered knowledge of Sting by Vehumet.
  2650 | D:2      | Learned a level 1 spell: Sting
  3122 | D:3      | Reached XP level 5. HP: 35/35 MP: 5/9
  3438 | D:3      | Reached skill level 5 in Conjurations
  3543 | D:3      | Learned a level 4 spell: Iskenderun's Mystic Blast
  3796 | D:4      | Offered knowledge of Freeze by Vehumet.
  3883 | D:4      | Noticed Prince Ribbit
  3912 | D:4      | Gained mutation: You possess an exceptional clarity of mind. [potion of mutation]
  3912 | D:4      | Gained mutation: You have a pair of small antennae on your head. [potion of mutation]
  3912 | D:4      | Gained mutation: Space occasionally distorts in your vicinity. [potion of mutation]
  3956 | D:4      | Reached XP level 6. HP: 24/41 MP: 2/11
  4032 | D:4      | Learned a level 1 spell: Freeze
  4214 | D:4      | Noticed wojtek's ghost (average DsGl)
  4240 | D:4      | Lost mutation: Space occasionally distorts in your vicinity. [potion of cure mutation]
  4240 | D:4      | Lost mutation: You possess an exceptional clarity of mind. [potion of cure mutation]
  4240 | D:4      | Lost mutation: You have a pair of small antennae on your head. [potion of cure mutation]
  4249 | D:4      | Killed wojtek's ghost
  4249 | D:4      | Reached skill level 6 in Conjurations
  4419 | D:4      | Reached XP level 7. HP: 43/46 MP: 5/15
  4934 | D:4      | Found a bloodstained altar of Trog.
  5272 | D:4      | Killed Prince Ribbit
  5284 | D:5      | Entered Level 5 of the Dungeon
  5300 | D:5      | Reached skill level 7 in Conjurations
  5390 | D:5      | Found Jeuh's Distillery.
  5416 | D:5      | Bought a potion of paralysis for 13 gold pieces
  5416 | D:5      | Bought a potion of agility for 32 gold pieces
  5416 | D:5      | Bought a potion of speed for 71 gold pieces
  5482 | D:5      | Paralysed by a giant eyeball for 2 turns
  5582 | D:5      | Reached XP level 8. HP: 52/52 MP: 14/18
  5593 | D:5      | Offered knowledge of Throw Frost by Vehumet.
  5597 | D:5      | Learned a level 2 spell: Throw Frost
  5825 | D:5      | Noticed Bloax's ghost (average GrMo)
  5912 | D:5      | Killed Bloax's ghost
  6245 | D:6      | Reached skill level 1 in Ice Magic
  6270 | D:6      | Acquired Vehumet's second power
  6307 | D:6      | Noticed Menkaure
  6367 | D:6      | Found a basalt altar of Yredelemnul.
  6456 | D:6      | Reached skill level 8 in Conjurations
  6695 | D:6      | Killed Menkaure
  6695 | D:6      | Offered knowledge of Mephitic Cloud by Vehumet.
  6700 | D:6      | Learned a level 3 spell: Mephitic Cloud
  6755 | D:6      | Noticed Sigmund
  6767 | D:6      | Killed Sigmund
  6835 | D:6      | Noticed Blork the orc
  6909 | D:6      | Killed Blork the orc
  6909 | D:6      | Reached skill level 1 in Air Magic
  6989 | D:7      | Reached XP level 9. HP: 57/57 MP: 14/20
  7293 | D:7      | Found a glowing silver altar of Zin.
  7372 | D:7      | Acquired Vehumet's third power
  7387 | D:7      | Offered knowledge of Lightning Bolt by Vehumet.
  7443 | D:7      | Found a staircase to the Ecumenical Temple.
  7480 | D:7      | Reached skill level 5 in Spellcasting
  7481 | D:7      | Reached skill level 9 in Conjurations
  7932 | D:7      | Paralysed by a giant eyeball for 4 turns
  8051 | D:8      | Found a blossoming altar of Fedhas.
  8097 | D:8      | Found Ypaom's Magical Wand Shop.
  8154 | D:8      | Found an ancient bone altar of Kikubaaqudgha.
  8257 | D:8      | Learned a level 5 spell: Lightning Bolt
  8257 | D:8      | dondy: SLAP IIIT
  8257 | D:8      | PolkaDot: I could
  8257 | D:8      | PolkaDot: If I wanted
  8257 | D:8      | PolkaDot: because
  8257 | D:8      | dondy: i know :3
  8257 | D:8      | PolkaDot: dat whip ;p
  8257 | D:8      | PolkaDot: Not bad for a D:2 drop
  8269 | D:8      | dondy: d:2, that's pretty awesome
  8269 | D:8      | PolkaDot: ^_^
  8316 | D:8      | Noticed Grum
  8320 | D:8      | dondy: run
  8323 | D:8      | PolkaDot: duh
  8323 | D:8      | PolkaDot: :P
  8340 | D:8      | dondy: why didn't you go for the stairs? :<
  8344 | D:8      | Killed Grum
  8348 | D:8      | PolkaDot: trusssst meeee
  8348 | D:8      | dondy: dazzle? :<
  8353 | D:8      | dondy: oh
  8358 | D:8      | PolkaDot: xD
  8358 | D:8      | PolkaDot: No dazzle
  8358 | D:8      | PolkaDot: got Veh on D:2 two
  8358 | D:8      | dondy: why do you hate on dazzle with your +4 hexes apt? xD
  8358 | D:8      | PolkaDot: I don't
  8358 | D:8      | PolkaDot: but Veh takes priority
  8358 | D:8      | dondy: it's like the strongest spell in the book :s
  8358 | D:8      | PolkaDot: Vehumet's gifted LB already
  8358 | D:8      | PolkaDot: It's CASTABLE
  8358 | D:8      | dondy: still don't like LB :/
  8358 | D:8      | dondy: bolt of draining is pretty great though
  8358 | D:8      | PolkaDot: I won't use it yet, because not enough power to be accurate
  8358 | D:8      | dondy: broken strong for Lv:5
  8358 | D:8      | PolkaDot: but omg
  8358 | D:8      | PolkaDot: BoD or LB?
  8358 | D:8      | dondy: bolt of draining definitely
  8358 | D:8      | dondy: unless you have a problem with undeads
  8358 | D:8      | dondy: bolt of draining is QUIET
  8358 | D:8      | PolkaDot: There is that
  8358 | D:8      | PolkaDot: I'd like some quiet sometimes
  8358 | D:8      | dondy: also it does really good damage
  8358 | D:8      | PolkaDot: LB is not good for that xD
  8358 | D:8      | PolkaDot: But, no, seriously, D:2 veh vault has derailed my carefully laid out plans
  8358 | D:8      | PolkaDot: vault? I meant altar
  8358 | D:8      | dondy: http://pastebin.com/S4Etv70x <-- i used it throughout the game
  8358 | D:8      | PolkaDot: that's quite a few times you cast it xD
  8358 | D:8      | dondy: it would've been even more popular than fireball if i had found it earlier
  8358 | D:8      | PolkaDot: exactly
  8358 | D:8      | PolkaDot: had tot ake into consideration when you found it :p
  8358 | D:8      | dondy: it's really quite great
  8358 | D:8      | dondy: though i'm not sure how it is for a low int char
  8358 | D:8      | PolkaDot: I'll get to use it one day
  8358 | D:8      | PolkaDot: ^^;
  8358 | D:8      | dondy: (check the int on that guy ;)
  8358 | D:8      | PolkaDot: you mentioned this one earlier
  8358 | D:8      | PolkaDot: :D
  8369 | D:8      | dondy: oh, i told you already :<
  8369 | D:8      | PolkaDot: Well
  8369 | D:8      | dondy: damn :[
  8369 | D:8      | PolkaDot: you mentioned it in main chat
  8369 | D:8      | PolkaDot: I just saw it :p
  8369 | D:8      | dondy: ah, duh :p
  8510 | D:8      | dondy: also throw frost seems kinda bad compared to searing ray
  8511 | D:8      | PolkaDot: It is
  8511 | D:8      | PolkaDot: but better range
  8511 | D:8      | dondy: sting should do comparable/better damage unless you're hitting a imp >.>
  8511 | D:8      | Gained mutation: You have sharp toenails. [potion of beneficial mutation]
  8512 | D:8      | PolkaDot: you sure?
  8512 | D:8      | PolkaDot: 'cause the power ratings disagree :s
  8512 | D:8      | dondy: i think so :s
  8512 | D:8      | PolkaDot: Huh... I'll look up the numbers later
  8523 | D:8      | dondy: sting does alot of damage
  8523 | D:8      | PolkaDot: Weird
  8523 | D:8      | PolkaDot: I thought it was more about the poison
  8526 | D:8      | dondy: that too
  8526 | D:8      | dondy: try it on the orc warrior
  8526 | D:8      | PolkaDot: Orrrr no
  8526 | D:8      | PolkaDot: Not on the first warrior I've seen
  8526 | D:8      | PolkaDot: I mean
  8526 | D:8      | PolkaDot: Searing should deal with it fine
  8526 | D:8      | dondy: before it goes into searing range :3
  8526 | D:8      | PolkaDot: But I'd rather try it on something weaker this early in :p
  8526 | D:8      | PolkaDot: not enough mp to just waste xP
  8526 | D:8      | dondy: it's cheap >.>
  8526 | D:8      | PolkaDot: I'm no DE ^^;
  8526 | D:8      | PolkaDot: I know
  8526 | D:8      | dondy: oh right
  8526 | D:8      | PolkaDot: sting is, like, 1 mp
  8540 | D:8      | dondy: you probably know better as Vp :3
  8540 | D:8      | PolkaDot: dat damage. don't take risks :p
  8541 | D:8      | dondy: but you had 12 mp left :p
  8546 | D:8      | dondy: that'd be 12 stings :P
  8546 | D:8      | PolkaDot: And then die waiting for poison to kick in x3
  8546 | D:8      | dondy: it's really not that bad >.>...
  8546 | D:8      | PolkaDot: as in, "kick him in" ;p
  8546 | D:8      | PolkaDot: good for Orc warriors?
  8546 | D:8      | dondy: well, poison ignores ac
  8546 | D:8      | PolkaDot: Note to self: get a good Vm going and experiment
  8546 | D:8      | PolkaDot: well yeah
  8546 | D:8      | PolkaDot: but not the impact damage, surely :s
  8558 | D:8      | dondy: yeah, that not - but it's decent
  8566 | D:8      | dondy: and yeah, you really should try a VM :)
  8566 | D:8      | PolkaDot: I'll experiment properly one day
  8602 | D:8      | dondy: they're strong compared to weeezards :}
  8608 | D:8      | PolkaDot: xD
  8608 | D:8      | PolkaDot: I've noticed
  8608 | D:8      | PolkaDot: just from the ghosts
  8608 | D:8      | PolkaDot: particularly the ones that get OTR
  8608 | D:8      | dondy: otr seems good too
  8608 | D:8      | PolkaDot: AND THEN SPAM IT D;
  8608 | D:8      | dondy: xD
  8635 | D:8      | dondy: unlearn every spell besides otr and splat on a draconian xD
  8640 | D:8      | dondy: sounds like a terrifying ghost
  8640 | D:8      | PolkaDot: :o
  8640 | D:8      | PolkaDot: You terrible person with terrible thoughts D;
  8640 | D:8      | dondy: otr and draining breath xD
  8645 | D:8      | dondy: wat why no :p
  8645 | D:8      | PolkaDot: XD
  8698 | D:9      | Noticed kuzmorgo's ghost (experienced DrWz)
  8699 | D:9      | dondy: btw. got a clarity amulet already? :o
  8699 | D:9      | PolkaDot: yup
  8699 | D:9      | PolkaDot: veyr nifty :)
  8699 | D:9      | PolkaDot: very*
  8699 | D:9      | dondy: indeed, grab a cboe soon! :)
  8699 | D:9      | PolkaDot: Sigmund and orc wixards are less scary when I can't be confused
  8699 | D:9      | PolkaDot: wizards*
  8699 | D:9      | dondy: *weezardz
  8699 | D:9      | PolkaDot: XD
  8701 | D:8      | dondy: you probably don't want to mess with this weezard
  8703 | D:8      | PolkaDot: "extremely dangerous"
  8703 | D:8      | PolkaDot: kthxbai
  8703 | D:8      | PolkaDot: lawl
  8703 | D:8      | dondy: hehehe
  8705 | D:9      | dondy: i mean, WHY U NO TAB THAT GUY WHY
  8705 | D:9      | PolkaDot: ok...
  8705 | D:9      | PolkaDot: D:9 is a horrible level
  8753 | D:8      | dondy: hmm.. it would be less terrible with dazzle :P
  8753 | D:8      | PolkaDot: Yes
  8753 | D:8      | PolkaDot: but veh was offering nice shiny things
  8753 | D:8      | PolkaDot: some of which QUICKLY became obsolete
  8753 | D:8      | PolkaDot: I only got some of them for the spell schools xD
  8753 | D:8      | PolkaDot: air ice and poison
  8753 | D:8      | PolkaDot: BECAUSE CLOUD SPELLS
  8753 | D:8      | dondy: lol
  8753 | D:8      | PolkaDot: clouds <3
  8753 | D:8      | PolkaDot: He will gift at least one
  8753 | D:8      | PolkaDot: and I will have it
  8774 | D:9      | dondy: i played two kiku guys in hope for getting bolt of draining today - also nope xD
  8774 | D:9      | PolkaDot: Awww
  8774 | D:9      | PolkaDot: Kiku's really not your friend :P
  8774 | D:9      | dondy: really not, no :/
  8777 | D:9      | PolkaDot: plus side,no Lair or Mines
  8777 | D:9      | PolkaDot: Skiiip
  8780 | D:9      | dondy: i would just skip this
  8782 | D:9      | dondy: yeah
  8784 | D:10     | Entered Level 10 of the Dungeon
  8803 | D:10     | PolkaDot: Vp reasons
  8803 | D:10     | PolkaDot: carrying lots of blood protects your other potions :D
  8809 | D:10     | dondy: lol
  9005 | D:10     | dondy: hmm, do you really want rmut? :o
  9006 | D:10     | dondy: also, RUUUUN
  9006 | D:10     | PolkaDot: no, not yet
  9006 | D:10     | PolkaDot: but until I get to lair, I'll lug it about
  9008 | D:10     | PolkaDot: Hrm.
  9008 | D:10     | PolkaDot: KNown stair has a centaur and a ghost nearby
  9008 | D:10     | dondy: you should probably run to the northern stair
  9008 | D:10     | PolkaDot: hrm. Lemme think on this first :3
  9008 | D:10     | dondy: you also got meph, but this level is hardly explored :s
  9008 | D:10     | PolkaDot: The last level is horrid, this level is unknown
  9008 | D:10     | PolkaDot: ... Oh crawl, why do I love you so x3
  9013 | D:10     | dondy: blast awaaaay :}
  9013 | D:10     | PolkaDot: I am painfully aware of the fact that it will *hurt*
  9013 | D:10     | PolkaDot: taking mah time xP
  9018 | D:10     | dondy: you're not going to make the pain better :p
  9018 | D:10     | PolkaDot: shush you xD
  9021 | D:10     | Reached XP level 10. HP: 53/63 MP: 5/25
  9023 | D:10     | Noticed Urug
  9028 | D:10     | PolkaDot: because I am *NOT* fighting Urug
  9028 | D:10     | PolkaDot: D;
  9028 | D:10     | dondy: reasonable
  9180 | D:10     | PolkaDot: ohhh
  9180 | D:10     | PolkaDot: I should try sting on a generic orc zombie
  9180 | D:10     | PolkaDot: :D
  9181 | D:10     | dondy: >.>...
  9183 | D:10     | PolkaDot: A proper test of it's powah
  9183 | D:10     | PolkaDot: because no poison affect, just raw impact damage :3
  9200 | D:10     | dondy: yeah, don't use it on a rp- ant or scorpion xD
  9203 | D:10     | PolkaDot: You said it was good for damage
  9203 | D:10     | PolkaDot: I know poison is good
  9203 | D:10     | PolkaDot: I like P.Cloud for a reason
  9203 | D:10     | PolkaDot: also, spamming otr at bloodless is more fun when I'm doing the spamming
  9221 | D:10     | dondy: uhhhm, i wouldn't advise you to use otr when bloodless
  9221 | D:10     | dondy: it ignores rpois of the caster...
  9221 | D:10     | PolkaDot: Except
  9221 | D:10     | PolkaDot: when bloodless
  9221 | D:10     | PolkaDot: because bloodless is IMMUNE
  9221 | D:10     | PolkaDot: to poison
  9221 | D:10     | PolkaDot: lern2Vp ;p
  9221 | D:10     | dondy: oh, it's immune? you sure? :p
  9221 | D:10     | PolkaDot: I garuntee it
  9221 | D:10     | dondy: hmmm
  9221 | D:10     | PolkaDot: If I have a huge hunger cost available and no way to rid strong poison, I'd gladly hunger down super fast
  9221 | D:10     | PolkaDot: though
  9221 | D:10     | PolkaDot: do that and you're still poisoned if you q blod
  9221 | D:10     | PolkaDot: blood
  9221 | D:10     | dondy: i know thirsty gets rpois, didn't know about the immune stuff :o
  9221 | D:10     | PolkaDot: only at bloodless
  9221 | D:10     | PolkaDot: Nearly blodoless only gets rP
  9221 | D:10     | dondy: cruel :<
  9221 | D:10     | PolkaDot: ^^;
  9221 | D:10     | PolkaDot: I like it, it works fine
  9221 | D:10     | PolkaDot: Also
  9221 | D:10     | PolkaDot: Tr armour plus regen ring plus satiated+ means INSANE regen
  9221 | D:10     | PolkaDot: Throw the spell on top for good measure
  9221 | D:10     | PolkaDot: it's craziness, does horrible things to the metabolism though
  9262 | D:10     | dondy: i really think Vp regen is less then normal at "normal" regen
  9274 | D:10     | dondy: but that might just be my crazy impression
  9274 | D:10     | PolkaDot: wrong, at satiated it's fast :p
  9274 | D:10     | dondy: i know it's displayed like that, i don't believe it though :}
  9274 | D:10     | PolkaDot: xD
  9302 | D:10     | Offered knowledge of Poisonous Cloud by Vehumet.
  9303 | D:10     | PolkaDot: I just went all giddy inside
  9303 | D:10     | PolkaDot: Vehumet++ <3
  9303 | D:10     | dondy: lol
  9326 | D:10     | dondy: kite it
  9336 | D:10     | dondy: yeeesh
  9339 | D:10     | PolkaDot: powah ;)
  9352 | D:10     | dondy: for a second i thought you'd stan in front of it and let it slap you around xD
  9355 | D:10     | dondy: *stand
  9361 | D:10     | PolkaDot: xD
  9361 | D:10     | PolkaDot: noooo
  9361 | D:10     | PolkaDot: silly moose
  9361 | D:10     | PolkaDot: I have no dodging yet ;p
  9361 | D:10     | PolkaDot: which is unusual
  9361 | D:10     | PolkaDot: I like to have at least 5 by Lair
  9361 | D:10     | dondy: hmm, btw. why don't you wear the buckler?
  9361 | D:10     | PolkaDot: because I want to do it when I can put the skill in for 1
  9361 | D:10     | PolkaDot: just when
  9361 | D:10     | PolkaDot: just 1*
  9361 | D:10     | PolkaDot: but -2 apt
  9361 | D:10     | PolkaDot: and Vehumet
  9361 | D:10     | dondy: the penalty is really insignificant...
  9361 | D:10     | PolkaDot: Really?
  9361 | D:10     | PolkaDot: ...
  9361 | D:10     | dondy: it's like 1-2% ...
  9361 | D:10     | PolkaDot: why am I not wearing the Elf buckler? xD
  9361 | D:10     | dondy: idk :p
  9361 | D:10     | PolkaDot: Plus wizardry on top
  9361 | D:10     | PolkaDot: I fele daft nows ~.~;
  9364 | D:10     | dondy: >.>...
  9364 | D:10     | PolkaDot: live and learn :)
  9364 | D:10     | dondy: shields are a whole different matter though :)
  9364 | D:10     | PolkaDot: quite
  9364 | D:10     | PolkaDot: opion, good dondy sir
  9364 | D:10     | PolkaDot: opinion*
  9364 | D:10     | dondy: ah, no - i mean with the spellcasting penalty
  9364 | D:10     | PolkaDot: Destroying the book of conjurations in order to lessen the amount time to get P.Cloud?
  9364 | D:10     | dondy: uhhh....
  9364 | D:10     | PolkaDot: it'd have to be MD
  9364 | D:10     | PolkaDot: but
  9364 | D:10     | PolkaDot: I'd lose dazzling and Fulminant
  9364 | D:10     | PolkaDot: not sure if... Ideal
  9364 | D:10     | dondy: you really want to lose the only spells you have good apts for?
  9364 | D:10     | PolkaDot: xD
  9364 | D:10     | PolkaDot: not really
  9364 | D:10     | PolkaDot: also, they can both be cast to good effect in clouds
  9364 | D:10     | PolkaDot: well, F.Prism in P.Cloud anyways
  9364 | D:10     | dondy: dazzle fools in pcloud sounds even better
  9364 | D:10     | PolkaDot: dazzle fools being 'sploded in P.Clouds sounds best
  9364 | D:10     | dondy: hehehe
  9364 | D:10     | dondy: i wish you had amnesia and would unlearn lightning bolt :s
  9364 | D:10     | PolkaDot: guess I'll keep it and hope >.>
  9364 | D:10     | PolkaDot: ...
  9364 | D:10     | PolkaDot: butbutbut, LB
  9364 | D:10     | PolkaDot: good for things like Death Yaks
  9364 | D:10     | PolkaDot: and it'll be workable soon
  9420 | D:10     | dondy: SLAP EEET
  9423 | D:10     | dondy: hehehe
  9467 | D:10     | PolkaDot: XD
  9492 | D:10     | PolkaDot: I hate them as much as imps
  9492 | D:10     | PolkaDot: bloody blinking D;
  9516 | D:10     | dondy: speeking of the...
  9518 | D:10     | dondy: imp ;}
  9518 | D:10     | PolkaDot: XD
  9518 | D:10     | dondy: *speaking
  9535 | D:10     | dondy: also regen that mana before exploring you fool :p
  9537 | D:10     | PolkaDot: ...
  9537 | D:10     | PolkaDot: YES
  9537 | D:10     | PolkaDot: I forgt >.>
  9651 | D:10     | dondy: i saw that! *hits with a stick of punishment*
  9651 | D:10     | PolkaDot: XD
  9692 | D:10     | Noticed an unseen horror
  9694 | D:10     | dondy: ruuun
  9694 | D:10     | PolkaDot: I can kill it
  9694 | D:10     | PolkaDot: prefer acorridor though
  9694 | D:10     | PolkaDot: binks it moves like a bat
  9694 | D:10     | PolkaDot: which is almost as bad as blinking
  9694 | D:10     | dondy: also you might attrackt more stuff
  9694 | D:10     | PolkaDot: because*
  9694 | D:10     | dondy: *attract, ffs
  9694 | D:10     | PolkaDot: that's why you don't have big fights in open spaces ;p
  9710 | D:10     | Killed an unseen horror
  9776 | D:10     | dondy: ....
  9776 | D:10     | PolkaDot: Reeeaalllly
  9776 | D:10     | PolkaDot: >.>;
  9788 | D:10     | dondy: just hit it in melee
  9799 | D:10     | PolkaDot: no
  9799 | D:10     | PolkaDot: I am very forgetful
  9799 | D:10     | PolkaDot: therfore good habits are better abided by
  9799 | D:10     | dondy: but it's a hobgoblin :p
  9838 | D:10     | PolkaDot: But I'll forget and slap a hydra at the worst possible time xD
  9838 | D:10     | dondy: xD
  9913 | D:10     | PolkaDot: ... Nice
  9913 | D:10     | dondy: ooooooh
  9913 | D:10     | dondy: no reason to rush poison cloud :3
  9913 | D:10     | PolkaDot: :D
  9913 | D:10     | PolkaDot: If something else really nice comes up it can even wait
  9913 | D:10     | dondy: also, otr without cure poison xD
  9913 | D:10     | PolkaDot: Bloodless casting ;D
  9913 | D:10     | dondy: you and your bloodless stuff :p
  9913 | D:10     | PolkaDot: I don't stay in it much though
  9913 | D:10     | PolkaDot: dangerous to have no regen
  9913 | D:10     | dondy: yeah
  9913 | D:10     | PolkaDot: we aint no DD :(
  9913 | D:10     | dondy: that's why i rather don't go there in the first place :D
  9913 | D:10     | PolkaDot: xD
  9913 | D:10     | dondy: hmm, bolt of fire too
  9913 | D:10     | PolkaDot: The only time I like it is as En
  9913 | D:10     | dondy: you're really stacked on spells
  9913 | D:10     | PolkaDot: because I just escape, and stab something
  9913 | D:10     | PolkaDot: instaheals!
  9913 | D:10     | dondy: hehehe
  9913 | D:10     | dondy: you can stab stuff with dazzle too :P
  9913 | D:10     | PolkaDot: Yeah
  9913 | D:10     | PolkaDot: Ok, new dilemma
  9913 | D:10     | PolkaDot: 1 spell slots, LOVELY
  9913 | D:10     | PolkaDot: but
  9913 | D:10     | PolkaDot: 7*
  9913 | D:10     | PolkaDot: Veh' gifts cost a lot of slots
  9913 | D:10     | dondy: hmm, shouldn't the next gift be the final one anyways?
  9913 | D:10     | PolkaDot: lol no
  9913 | D:10     | dondy: hmm
  9913 | D:10     | PolkaDot: remember, P.Cloud aside, any spell not in the book of conjurations is taken from Veh
  9913 | D:10     | PolkaDot: so we can count them
  9913 | D:10     | PolkaDot: (think I've taken all of them)
  9913 | D:10     | PolkaDot: P.cloud is the sixth
  9913 | D:10     | dondy: you really took all lv1 spells >.>...
  9913 | D:10     | PolkaDot: Well
  9913 | D:10     | PolkaDot: at first
  9913 | D:10     | PolkaDot: I just wanted the elements
  9913 | D:10     | PolkaDot: but Veh was like, "Oh, you like them, eh, have some moderately useful ones!"
  9913 | D:10     | PolkaDot: So now I have too many >.>;
  9913 | D:10     | dondy: unlearn magic dart and throw frost if you can, that's 3 free levels
  9913 | D:10     | PolkaDot: 2 levels
  9913 | D:10     | PolkaDot: oh wait
  9913 | D:10     | PolkaDot: you said throw frost
  9913 | D:10     | dondy: yeh
  9913 | D:10     | PolkaDot: Why'd think Freeze xD
  9913 | D:10     | dondy: freeze is actually pretty good
  9913 | D:10     | dondy: for the slow and ignores ev/ac
  9913 | D:10     | PolkaDot: I'd prefer static discharge for the adjacent spell though
  9913 | D:10     | PolkaDot: freez'll do 'til then
  9913 | D:10     | PolkaDot: so
  9913 | D:10     | PolkaDot: learn P.cloud, apply second ring of Wiz and kill all the things
  9913 | D:10     | PolkaDot: or wait
  9913 | D:10     | dondy: hmm, with the second ring what chance does pcloud have?
  9915 | D:10     | PolkaDot: ...
  9915 | D:10     | dondy: "You feel stupid." xD
  9915 | D:10     | PolkaDot: Lawl
  9915 | D:10     | PolkaDot: +3 INT makes a bigger diff than I thought
  9917 | D:10     | dondy: so yeah, maybe learn some utility spells
  9917 | D:10     | PolkaDot: That's a plan I like
  9917 | D:10     | dondy: blink/apportation
  9917 | D:10     | PolkaDot: blink, apport later when I start on transl
  9917 | D:10     | PolkaDot: it doesn't do much without the power to back it up
  9917 | D:10     | dondy: hmm, true kinda
  9917 | D:10     | PolkaDot: Blink... mebbe swift or flight
  9920 | D:10     | Learned a level 2 spell: Blink
  9920 | D:10     | dondy: dunnoh about new swift
  9920 | D:10     | PolkaDot: it's still powerful
  9920 | D:10     | dondy: also, carefull - ogre to the right
  9920 | D:10     | PolkaDot: to th eleft
  9920 | D:10     | PolkaDot: and it's not an ogre xD;
  9920 | D:10     | dondy: you missed the ogre
  9922 | D:10     | dondy: go right
  9926 | D:10     | dondy: there was a ogre zombie there, ah yes
  9926 | D:10     | PolkaDot: :)
 10083 | D:10     | Found Soukis' Weapon Emporium.
 10097 | D:10     | Found a staircase to the Orcish Mines.
 10098 | D:10     | dondy: poop shop :<
 10098 | D:10     | dondy: also helmeeeet
 10098 | D:10     | PolkaDot: AC!
 10106 | D:10     | PolkaDot: I overlook them out of habit
 10106 | D:10     | dondy: SO TANKY ;>
 10106 | D:10     | PolkaDot: bad for a Cj
 10106 | D:10     | PolkaDot: but it blocks bite, which is bad for En
 10106 | D:10     | PolkaDot: ergo, habit xD;
 10122 | D:10     | dondy: i'm not sure but i think that was removed...
 10122 | D:10     | PolkaDot: :o
 10122 | D:10     | PolkaDot: note to self: check later
 10122 | D:10     | Somebody: Hi.
 10122 | D:10     | PolkaDot: yo, somebody
 10122 | D:10     | dondy: hullo
 10122 | D:10     | PolkaDot: Got a Veh alatar on D:2
 10122 | D:10     | PolkaDot: altar*
 10122 | D:10     | PolkaDot: and now I have shiny things
 10122 | D:10     | Somebody: I see that you are not only undead, but also, supposedly "alive".
 10122 | D:10     | Somebody: Nice.
 10122 | D:10     | PolkaDot: easy as a Cj, just kill it and drain it t;p
 10122 | D:10     | PolkaDot: P.cloud in a book too
 10122 | D:10     | PolkaDot: and we loves us some cloud <3
 10132 | D:10     | Somebody: Very good. Have you got anything interesting besides spells?
 10167 | D:10     | PolkaDot: Not really
 10167 | D:10     | PolkaDot: everything else is standard
 10167 | D:10     | PolkaDot: well
 10167 | D:10     | PolkaDot: the whip was on D:2 as well
 10243 | D:10     | dondy: sting
 10250 | D:10     | PolkaDot: I always forget >.>
 10250 | D:10     | Somebody: I have found a copy of Necronomicon on Swamp:3.
 10250 | D:10     | PolkaDot: insects rP-
 10250 | D:10     | PolkaDot: aww, think of the things you could have Pain branded xP
 10263 | D:10     | Somebody: Now, I am considering getting a quickblade blessed with pain. ;)
 10277 | D:10     | dondy: troll leather armour! :)
 10277 | D:10     | dondy: oh...
 10277 | D:10     | dondy: :(
 10277 | D:10     | PolkaDot: qblade <3
 10277 | D:10     | PolkaDot: oh
 10277 | D:10     | PolkaDot: you haven't got it yet? Very nice :D
 10359 | D:10     | dondy: hmm, you should consider getting the pain brand asap on whatever you can swing properly D:
 10410 | D:10     | Found an iron altar of Okawaru.
 10412 | D:10     | Somebody: Sorry to disappoind, but I have found a whip of pain on D:2. :)
 10422 | D:10     | dondy: ohhhh!
 10433 | D:10     | Somebody: ...and an altar to Kiku on D:3.
 10445 | D:10     | dondy: that's not disappointing at all :D
 10477 | D:10     | Reached skill level 5 in Air Magic
 10535 | D:10     | Somebody: ...then two good Necromancy books on D:9 and Necronomicon on Swamp:3. ;)
 10560 | D:10     | dondy: i hope you have bolt of draining and animate dead :3
 10605 | D:10     | Somebody: I do. ;)
 10609 | D:10     | dondy: well, time to win now i guess :D
 10611 | D:10     | Somebody: I have that part.
 10614 | D:10     | Somebody: *I hate that part.
 10738 | D:10     | dondy: well it sure is annoying to find a proper weapon to kill orbs of fire with...
 10820 | D:10     | Somebody: I also have DMsl and Haste, but it just does not feel satisfying enough without Necromutation and a massive destructive spell.
 10827 | D:10     | Noticed Josephine
 10839 | D:10     | dondy: hmm, bolt of draining actually is a massive destructive spell :p
 10839 | D:10     | Somebody: CAREFUL!
 10864 | D:10     | dondy: run further
 10868 | D:10     | dondy: also curing
 10881 | D:10     | dondy: urug
 10892 | D:10     | PolkaDot: I saw
 10892 | D:10     | dondy: weeeh
 10892 | D:10     | PolkaDot: thank the gods he didn't se eme
 10892 | D:10     | Somebody: Why didn't she just kill you with another BoD... their AI is terrible.
 10892 | D:10     | PolkaDot: xD
 10892 | D:10     | PolkaDot: I aint complaining
 11008 | D:10     | dondy: i'm pretty thankfull that monsters don't just spam spells
 11011 | D:10     | dondy: that would be fairly awkward...
 11012 | D:10     | PolkaDot: xD
 11012 | D:10     | Somebody: I feel uncomfortable watching the AI do this amount of unjustice to a colleague. :)
 11013 | D:10     | Somebody: Well, they don't hava mana reserves and this mechanic is there to compensate.
 11013 | D:10     | Somebody: Aren't you planning to memorize it yet? It can go away, you know.
 11013 | D:10     | dondy: not only that - you'd look pretty terrible if a fire giant would just cast fireball every turn :p
 11013 | D:10     | PolkaDot: orly?
 11013 | D:10     | PolkaDot: that turned up after he gifted it
 11013 | D:10     | PolkaDot: :D
 11013 | D:10     | Somebody: Oh, okay, nevermind.
 11013 | D:10     | PolkaDot: So I'mma collect some utility spells in the meantime
 11016 | D:10     | Learned a level 2 spell: Swiftness
 11026 | D:10     | Somebody: Good luck ant take *care*. I will be back to my rain in Swamp.
 11026 | D:10     | dondy: use sting :P
 11026 | D:10     | PolkaDot: \o
 11026 | D:10     | dondy: o/
 11026 | D:10     | Somebody: What do you think of the idea of having a quickblade bloodied with pain?
 11027 | D:10     | PolkaDot: is best plan
 11027 | D:10     | dondy: do you use shortblades ? :o
 11027 | D:10     | Somebody: Not yet, but I am a DE. It's my best weapons aptitude.
 11034 | D:10     | dondy: ohhh, DE :)
 11066 | D:10     | Offered knowledge of Conjure Ball Lightning by Vehumet.
 11067 | D:10     | dondy: A PROPER SPELLCASTER! :p
 11067 | D:10     | PolkaDot: shush you xP
 11067 | D:10     | PolkaDot: Not sure if want cbl
 11067 | D:10     | dondy: well, getit so i can lulz :>
 11067 | D:10     | Somebody: \o
 11067 | D:10     | dondy: o/
 11067 | D:10     | PolkaDot: enjoy o/
 11067 | D:10     | dondy: /o
 11067 | D:10     | PolkaDot: o\
 11067 | D:10     | dondy: ~o
 11067 | D:10     | dondy: ^o^
 11067 | D:10     | Somebody: I have forgot to share my current character's best exploit so far.
 11067 | D:10     | PolkaDot: Silly moose
 11067 | D:10     | Somebody: Try to guess what I have just acquired.
 11067 | D:10     | dondy: staff of death?
 11067 | D:10     | Somebody: No. Cold.
 11067 | D:10     | dondy: awwh :<
 11067 | D:10     | PolkaDot: better simul casting!
 11067 | D:10     | Somebody: I have a staff of Conjuration, so no tragedy there. Keep guessing.
 11067 | D:10     | dondy: but you already said cold :p
 11067 | D:10     | Somebody: PolkaDot, I can afford a book, no.
 11067 | D:10     | PolkaDot: xD
 11067 | D:10     | PolkaDot: not a staff of cold?
 11067 | D:10     | Somebody: I mean, as in "very cold".
 11067 | D:10     | dondy: ahhhh! duh
 11067 | D:10     | PolkaDot: ohhhh
 11067 | D:10     | PolkaDot: unrandart or randart?
 11067 | D:10     | dondy: hmm, dunnoh :o
 11067 | D:10     | Somebody: Neither. I'll give you a hint — it was armour.
 11067 | D:10     | PolkaDot: Hat of the Alchemist?
 11067 | D:10     | PolkaDot: Thief's Cloak?
 11067 | D:10     | Somebody: Cold. Body slot.
 11067 | D:10     | dondy: robe? :p
 11067 | D:10     | PolkaDot: Hrm
 11067 | D:10     | Somebody: Warm.
 11067 | D:10     | PolkaDot: Robe of the Sky?
 11067 | D:10     | Somebody: Cold...
 11067 | D:10     | PolkaDot: Robe of Augmentation?
 11067 | D:10     | Somebody: No... cold.
 11067 | D:10     | PolkaDot: are unrandarts even aquirable with a scroll?
 11067 | D:10     | dondy: yeh
 11067 | D:10     | Somebody: Yes. Do you give up?
 11067 | D:10     | dondy: i give up d:
 11067 | D:10     | PolkaDot: There's too many to just list them all xD
 11067 | D:10     | Somebody: PolkaDot: Well, give it a try.
 11067 | D:10     | PolkaDot: Skin of Zhor?
 11067 | D:10     | Somebody: ...or I can just say it outright.
 11067 | D:10     | PolkaDot: be interesting to see how many I remember xD
 11067 | D:10     | Somebody: Very warm, but not quite there.
 11067 | D:10     | PolkaDot: Better just say
 11067 | D:10     | PolkaDot: we'll be here forever
 11067 | D:10     | Somebody: +0 animal skin...
 11067 | D:10     | PolkaDot: XD
 11067 | D:10     | dondy: ...
 11067 | D:10     | dondy: that's quite exceptional...
 11067 | D:10     | PolkaDot: Best acquirement :D
 11067 | D:10     | Somebody: I have already had body slot covered with +2 robe of Archmagi, if anyone's wondering...
 11067 | D:10     | dondy: scroll of disappointment at it's best xD
 11067 | D:10     | PolkaDot: xP
 11166 | D:10     | Somebody: At least, now have contributeted to a second learndb entry.
 11166 | D:10     | dondy: Somebody: who needs enhancers if you have 66 int pastebin.com/S4Etv70x !
 11166 | D:10     | Somebody: See ??acquirement[5] or something like that.
 11166 | D:10     | dondy: though i do know offline doesn't count :<
 11166 | D:10     | dondy: q.q
 11166 | D:10     | PolkaDot: Aye. no proof ;p
 11174 | D:10     | dondy: meph 'em
 11192 | D:10     | PolkaDot: Why?
 11192 | D:10     | PolkaDot: I just annihilate 'em ;p
 11192 | D:10     | Somebody: Very good character.
 11193 | D:10     | dondy: because they stood ready for it :<
 11193 | D:10     | dondy: somebody: ty :3
 11193 | D:10     | PolkaDot: if it was big and open I would have
 11193 | D:10     | PolkaDot: but I had a corridor
 11193 | D:10     | Somebody: PolkaDot: Bragging rights supreme supervisory center have ruled against it.
 11193 | D:10     | PolkaDot: it was faster
 11193 | D:10     | PolkaDot: XD
 11217 | D:10     | dondy: hmm, did you try on the robe?
 11217 | D:10     | PolkaDot: the bloods gonna start coagulating soon >.>
 11221 | D:10     | dondy: >.>...
 11221 | D:10     | Somebody: dondy: I have a hat of Pondering. It's a lot like Chei in a can... on your head.
 11226 | D:10     | dondy: hahaha
 11242 | D:10     | dondy: that's a good description of the item xD
 11290 | D:10     | PolkaDot: Now, it's on
 11290 | D:10     | dondy: i really wouldn't wear it if i was you - beeing a cheiist is excessively suicidal
 11290 | D:10     | dondy: imho
 11290 | D:10     | Somebody: *in your head slot.
 11290 | D:10     | Somebody: No, I love this item.
 11290 | D:10     | dondy: lol
 11290 | D:10     | PolkaDot: And they think I'm crazy ;p
 11290 | D:10     | dondy: well, i wish you all the best with it!
 11290 | D:10     | dondy: i really would love it too, on a chei char or if it didn't have the slow xD
 11292 | D:10     | dondy: also, just meph urug
 11304 | D:10     | Somebody: Maybe I will join the Cheibriados after blessing my quick blade of pain.
 11308 | D:10     | dondy: he likes sniffing farts :}
 11308 | D:10     | PolkaDot: How did Urug disappear so fast o.O
 11324 | D:10     | dondy: he's a ninja orc :p
 11331 | D:10     | PolkaDot: :o
 11365 | D:10     | dondy: probably right beside you actually :p
 11366 | D:10     | dondy: see!
 11366 | D:10     | PolkaDot: oh
 11366 | D:10     | PolkaDot: well
 11366 | D:10     | PolkaDot: that's just...
 11366 | D:10     | Somebody: Wow. Step back?
 11366 | D:10     | PolkaDot: Hrm.
 11366 | D:10     | dondy: meph him and freeze him dead
 11366 | D:10     | PolkaDot: Wait
 11366 | D:10     | dondy: oh it's not full power...
 11366 | D:10     | PolkaDot: at less than full power?
 11366 | D:10     | PolkaDot: mhmm.
 11366 | D:10     | Somebody: Swiftness time?
 11366 | D:10     | PolkaDot: Waiiit
 11366 | D:10     | PolkaDot: meph first
 11366 | D:10     | PolkaDot: that's obv.
 11366 | D:10     | PolkaDot: Because javelins
 11366 | D:10     | Somebody: Oh, right.
 11366 | D:10     | dondy: maybe LB because the level is clear anyways
 11366 | D:10     | dondy: and you can bizap here
 11366 | D:10     | dondy: so it might accidentially hit shit :>
 11369 | D:10     | PolkaDot: No, not enough power yet
 11369 | D:10     | Somebody: Did anyone hear what I've said? "Maybe I will join Cheibriados after bloodying my quick blade ."
 11369 | D:10     | dondy: triple zap miss...
 11369 | D:10     | PolkaDot: bi
 11369 | D:10     | PolkaDot: no
 11369 | D:10     | Somebody: I was expecting a comment on that. :)
 11369 | D:10     | PolkaDot: it was three
 11369 | D:10     | PolkaDot: good lord
 11369 | D:10     | Somebody: That'll do.
 11375 | D:10     | dondy: somebody: that sounds quite suicidal but then again - you have dispel undead
 11382 | D:10     | Somebody: Not yet, but I will get it before converting.
 11382 | D:10     | Killed Urug
 11382 | D:10     | Reached skill level 10 in Spellcasting
 11383 | D:10     | PolkaDot: ... poison ftw
 11383 | D:10     | dondy: also, buy a ring of teleport before converting
 11383 | D:10     | dondy: oh did you actually use sting? :o
 11383 | D:10     | PolkaDot: keep 'im confused with meph
 11383 | D:10     | PolkaDot: spam sting
 11383 | D:10     | Somebody: "If you worship Chei and go berserk, Chei will prevent the increased speed effect. This should not be considered an endorsement of Cheibriados."
 11383 | D:10     | PolkaDot: It seemed... too good to be true
 11383 | D:10     | Somebody: This was good.
 11537 | D:10     | dondy: sting is pretty strong :<
 11551 | D:10     | dondy: oh sheet
 11551 | D:10     | dondy: meph :3
 11551 | D:10     | PolkaDot: poison is pretty strong
 11551 | D:10     | PolkaDot: sting is meh :p
 11570 | D:10     | dondy: just run she should die
 11584 | D:10     | Killed Josephine
 11584 | D:10     | Reached XP level 11. HP: 68/68 MP: 23/29
 11585 | D:10     | PolkaDot: She did :3
 11630 | D:11     | Somebody: See you both later.
 11631 | D:11     | dondy: somebody: you will still be exhausted and slowed though
 11631 | D:11     | PolkaDot: Labyrinth :D
 11631 | D:11     | dondy: see you :)
 11631 | D:11     | PolkaDot: traa Someone
 11631 | D:11     | PolkaDot: \o
 11635 | D:11     | Somebody: I will really consider joining Chei at some point.
 11641 | D:11     | Somebody: He doesn't mind quickblades, does he?
 11641 | D:11     | dondy: oh wait
 11641 | D:11     | dondy: duh
 11641 | D:11     | PolkaDot: 'course not
 11641 | D:11     | dondy: he hates them actually
 11641 | D:11     | PolkaDot: oh?
 11641 | D:11     | dondy: yeh
 11641 | D:11     | PolkaDot: huh
 11641 | D:11     | dondy: totally forgot -.-'
 11641 | D:11     | PolkaDot: TIL
 11706 | D:11     | Somebody: (I know you are messing with us.)
 11726 | D:11     | dondy: he really dislikes quickblades because, well... quick :<
 11726 | D:11     | dondy: i'm not D:
 11726 | D:11     | PolkaDot: they're just made super well, that's why they're quick
 11726 | D:11     | dondy: ask in ##crawl D:
 11726 | D:11     | PolkaDot: and possibly inherently magical
 11758 | D:11     | Somebody: I am half-considering joining TSO first to get a blessed scourge, but that would just be unhealthy.
 11798 | D:11     | PolkaDot: xD
 11798 | D:11     | dondy: joining tso just for the brand then switching to chei sounds really...
 11798 | D:11     | dondy: like a great plan to watch x3
 11798 | D:11     | PolkaDot: best ida ever ;D
 11804 | D:11     | Somebody: :)
 11829 | D:11     | dondy: maybe not the best plan to win :>
 11864 | D:11     | Somebody: Winning is overrated.
 11911 | D:11     | dondy: meph
 11912 | D:11     | Somebody: See you all.
 11916 | D:11     | dondy: see yah :)
 12013 | D:11     | PolkaDot: gonna miss the labyrinth D;
 12034 | D:11     | dondy: nooo :<
 12064 | D:11     | dondy: no magic mapping?
 12068 | D:11     | Somebody: I will even get an "elven" quickblade.
 12068 | D:11     | PolkaDot: no mapping
 12085 | D:11     | dondy: :<
 12113 | D:11     | Somebody: You have a ridiculous amount of time to find the entrance, no reason to worry.
 12220 | D:11     | Noticed a hill giant
 12221 | D:11     | PolkaDot: empty :(
 12227 | D:11     | dondy: :[
 12273 | D:11     | dondy: good blink
 12274 | D:11     | dondy: maybe meph
 12274 | D:11     | PolkaDot: definitely meph
 12274 | D:11     | dondy: but they have high hd :<
 12274 | D:11     | PolkaDot: hrm
 12274 | D:11     | PolkaDot: true dat...
 12274 | D:11     | PolkaDot: plenty of space and I know how to make blink work for me
 12274 | D:11     | PolkaDot: so lets see :)
 12290 | D:11     | dondy: nice :)
 12290 | D:11     | dondy: sting :p
 12290 | D:11     | PolkaDot: boom :)
 12294 | D:11     | dondy: pewpewpew xD
 12312 | D:11     | Killed a hill giant
 12312 | D:11     | Reached skill level 11 in Spellcasting
 12313 | D:11     | dondy: weeeh!
 12313 | D:11     | PolkaDot: He meph'd really easy...
 12313 | D:11     | dondy: VM power ;D
 12313 | D:11     | PolkaDot: Lucky or does it take higher?
 12313 | D:11     | PolkaDot: to resist it better, I mean
 12345 | D:11     | Found a staircase to the Lair.
 12353 | D:11     | dondy: hmm, sting! :>
 12377 | D:11     | dondy: ring! :0
 12384 | D:11     | dondy: must ... grab ... shinies ...
 12384 | D:11     | PolkaDot: hunger
 12384 | D:11     | dondy: sure?
 12384 | D:11     | PolkaDot: I'll let it ID befor dropping
 12384 | D:11     | PolkaDot: cursed
 12384 | D:11     | PolkaDot: it's ALWAYS hunger xD
 12384 | D:11     | PolkaDot: well
 12384 | D:11     | PolkaDot: 95%
 12384 | D:11     | dondy: i had a cursed ring of fire res before
 12385 | D:11     | PolkaDot: Yeah, it happens more now
 12385 | D:11     | PolkaDot: but it's still usually hunger
 12462 | D:11     | dondy: true
 12523 | Lair:1   | Entered Level 1 of the Lair of Beasts
 12527 | Lair:1   | dondy: god those apts hurt my eyes
 12527 | Lair:1   | PolkaDot: xD
 12537 | Lair:1   | dondy: no sting, no :>
 12541 | Lair:1   | PolkaDot: Mystic blast :D
 12541 | Lair:1   | PolkaDot: A little noisy
 12541 | Lair:1   | PolkaDot: but played right, can have a big hand in taking down hydra
 12596 | Lair:1   | Noticed a five-headed hydra
 12597 | Lair:1   | dondy: speaking if which...
 12597 | Lair:1   | PolkaDot: Hrm.
 12597 | Lair:1   | dondy: you really should stop saying stuff like that XD
 12597 | Lair:1   | PolkaDot: usually, I'd have fulminant
 12597 | Lair:1   | PolkaDot: and I'd place two of 'em
 12597 | Lair:1   | PolkaDot: and blast a time or two, then searing
 12597 | Lair:1   | PolkaDot: but no F.Prism
 12597 | Lair:1   | dondy: learn CBL xD
 12597 | Lair:1   | PolkaDot: Can it be directed?
 12597 | Lair:1   | PolkaDot: Like
 12597 | Lair:1   | dondy: nope
 12597 | Lair:1   | PolkaDot: ...
 12597 | Lair:1   | dondy: it's like a confused spore thing
 12597 | Lair:1   | PolkaDot: XD
 12597 | Lair:1   | dondy: that spawns around you
 12597 | Lair:1   | dondy: and it will explode, somewhere...
 12597 | Lair:1   | dondy: doing lots of irresistible damage
 12597 | Lair:1   | PolkaDot: Right... so I want to spawn unreliably exploding electrical storms in the hopes of hitting th ehydra and livivng to tell of it?
 12597 | Lair:1   | dondy: well, irresistible for players.
 12597 | Lair:1   | dondy: sounds like a great plan to me :p
 12597 | Lair:1   | PolkaDot: xD
 12597 | Lair:1   | PolkaDot: No thank you :p
 12597 | Lair:1   | dondy: what could possibly go wrong?!
 12597 | Lair:1   | dondy: also, maybe lightning bolt will hit shit this time xD
 12597 | Lair:1   | PolkaDot: it is a little more powerful
 12597 | Lair:1   | PolkaDot: and hydra don't have great dodging
 12597 | Lair:1   | dondy: hmmm....
 12597 | Lair:1   | PolkaDot: right
 12598 | Lair:1   | dondy: oh wow, urug does have fairly high dodging...
 12598 | Lair:1   | dondy: still was ridicioulus to triple miss...
 12598 | Lair:1   | PolkaDot: hydra only have 5
 12598 | Lair:1   | dondy: yeh
 12598 | Lair:1   | PolkaDot: it's doable
 12598 | Lair:1   | dondy: though i would wait for it until you can bizap
 12599 | Lair:1   | dondy: oh crap
 12599 | Lair:1   | PolkaDot: hello, Lair
 12602 | Lair:1   | PolkaDot: SO CLOSE
 12602 | Lair:1   | PolkaDot: ALMOST DEAD
 12602 | Lair:1   | PolkaDot: D;
 12602 | Lair:1   | PolkaDot: And Lair isn't known for it's corridors
 12602 | Lair:1   | PolkaDot: I don't want a hydra that close
 12602 | Lair:1   | dondy: also, the entrance has a angry hydra now...
 12602 | Lair:1   | dondy: and you're far away from it
 12602 | Lair:1   | PolkaDot: by thta point most of Lair will be cleared
 12602 | Lair:1   | PolkaDot: and I can zap it in peace
 12602 | Lair:1   | PolkaDot: with an even more [owerful LB
 12602 | Lair:1   | PolkaDot: well
 12602 | Lair:1   | PolkaDot: L:1
 12604 | Lair:1   | dondy: meh
 12772 | Lair:1   | PolkaDot: wait
 12772 | Lair:1   | PolkaDot: it hasn't ID'd
 12772 | Lair:1   | dondy: zing!
 12772 | Lair:1   | PolkaDot: not hunger...
 12772 | Lair:1   | PolkaDot: XD
 12772 | Lair:1   | dondy: i obv totally knew it :p
 12773 | Lair:1   | PolkaDot: xD
 12773 | Lair:1   | PolkaDot: well, you did kinda call it ;p
 12777 | Lair:1   | dondy: hehehe
 12799 | Lair:1   | PolkaDot: boom!
 12799 | Lair:1   | dondy: hmm?
 12799 | Lair:1   | PolkaDot: amnesia
 12799 | Lair:1   | dondy: ohhh
 12799 | Lair:1   | PolkaDot: gonna get me some spell slot goodness
 12799 | Lair:1   | dondy: throw frost goes first?
 12799 | Lair:1   | PolkaDot: I'm inclined to say no
 12799 | Lair:1   | PolkaDot: it has the range of MD and does more damage
 12799 | Lair:1   | dondy: because it seems you're unlikely to part with LB >.>
 12799 | Lair:1   | PolkaDot: Uhhh no :p
 12799 | Lair:1   | PolkaDot: I can't get BoF so easily powerful because ice
 12799 | Lair:1   | PolkaDot: and Veh hasn't even offered anything else
 12799 | Lair:1   | PolkaDot: (also apts, but we don't tlak about that ;p)
 12799 | Lair:1   | dondy: actually BoF hits well when it's castable
 12799 | Lair:1   | dondy: better than LB at least...
 12799 | Lair:1   | dondy: but yeah
 12799 | Lair:1   | PolkaDot: I didn't say accurate
 12799 | Lair:1   | PolkaDot: I said powerful :p
 12799 | Lair:1   | PolkaDot: and since LB is hitting things now
 12799 | Lair:1   | PolkaDot: I got my power
 12799 | Lair:1   | PolkaDot: MD :)
 12799 | Lair:1   | dondy: well you can part with MD but that's just 1 level free
 12800 | Lair:1   | PolkaDot: I know
 12800 | Lair:1   | PolkaDot: I can live with that
 12804 | Lair:1   | Learned a level 3 spell: Flight
 12804 | Lair:1   | dondy: dunnoh, it feels awkward to me to use amnesia on a level 1 spell
 12804 | Lair:1   | PolkaDot: I'm not going to want it forever
 12804 | Lair:1   | PolkaDot: it's already approaching the end of it's use
 12804 | Lair:1   | PolkaDot: barring Orcish Mines maybe
 12804 | Lair:1   | dondy: also you have STING ;}
 12804 | Lair:1   | PolkaDot: yay poison! :D
 12817 | Lair:1   | dondy: cursed!
 12829 | Lair:1   | dondy: ahh crap
 12830 | Lair:1   | PolkaDot: xD
 12830 | Lair:1   | PolkaDot: I have remove curse :p
 12866 | Lair:1   | dondy: not if i have a say in the matter!
 12867 | Lair:1   | dondy: where did i put the mottled dragons...
 12867 | Lair:1   | PolkaDot: oh sure, wlak away towards the hydra >.>
 12867 | Lair:1   | PolkaDot: stupid komodo
 12868 | Lair:1   | dondy: imb it?
 12884 | Lair:1   | PolkaDot: Nah
 12899 | Lair:1   | dondy: is imb that loud?
 12922 | Lair:1   | dondy: hmmm
 12994 | Lair:1   | dondy: HAIDRAAAAA
 12994 | Lair:1   | PolkaDot: Oh sure
 12994 | Lair:1   | PolkaDot: NOW it turns up
 12994 | Lair:1   | dondy: just go south and regen
 12994 | Lair:1   | PolkaDot: *gurmblegrumble*
 13049 | Lair:1   | dondy: urgh lol
 13061 | Lair:1   | dondy: i hate it when impolite mobs don't let you regen
 13125 | Lair:1   | PolkaDot: quite
 13227 | Lair:1   | dondy: there is your friend :>
 13227 | Lair:1   | PolkaDot: Hrm
 13227 | Lair:1   | PolkaDot: don't like it
 13227 | Lair:1   | dondy: shout :>
 13227 | Lair:1   | PolkaDot: too much unkown
 13276 | Lair:1   | PolkaDot: :D
 13276 | Lair:1   | dondy: go 3 south and bizap it after some imb
 13282 | Lair:1   | dondy: got wands?
 13282 | Lair:1   | Killed a five-headed hydra
 13283 | Lair:1   | dondy: or yeah
 13283 | Lair:1   | PolkaDot: Wands yes, Evoc no
 13283 | Lair:1   | dondy: you don't need evoc with wand of lightning
 13283 | Lair:1   | PolkaDot: Not gonna use lightning
 13283 | Lair:1   | PolkaDot: Oh.
 13283 | Lair:1   | PolkaDot: I knew that
 13283 | Lair:1   | PolkaDot: :D
 13284 | Lair:1   | dondy: it's not the same lightning :}
 13284 | Lair:1   | PolkaDot: TIL
 13284 | Lair:1   | dondy: ??til
 13284 | Lair:1   | PolkaDot: you are a knowledgable fellow, eh
 13284 | Lair:1   | PolkaDot: Today I Learned
 13285 | Lair:1   | dondy: oh
 13299 | Lair:1   | dondy: i try to help :<
 13573 | Lair:1   | dondy: actually i'm not sure it's not the same lightning but i never felt like wands missed much even with low evoc
 13580 | Lair:1   | PolkaDot: I shall have to try
 13580 | Lair:1   | PolkaDot: should the need arise
 13617 | Lair:1   | dondy: :)
 13848 | Lair:1   | PolkaDot: could amnesia freeze... but it's good at least until I get SD
 13848 | Lair:1   | dondy: (throw frost, you barely used it! :p)
 13848 | Lair:1   | PolkaDot: Throw frost is an option...
 13848 | Lair:1   | PolkaDot: I was just thinking that
 13848 | Lair:1   | PolkaDot: more slots
 13848 | Lair:1   | dondy: also, doesn't imb have the same range?
 13848 | Lair:1   | PolkaDot: and sting'll get the attention of anything I want withouit shouting :)
 13848 | Lair:1   | PolkaDot: probably ^^;
 13965 | Lair:1   | dondy: hmm, you could try to imb the bushes
 13979 | Lair:1   | dondy: to kill the oklob
 14095 | Lair:1   | dondy: sounds tedious but could work :}
 14096 | Lair:1   | PolkaDot: Mhmm...
 14096 | Lair:1   | PolkaDot: Orrr
 14096 | Lair:1   | PolkaDot: the level is cleared...
 14096 | Lair:1   | dondy: you just leave it x3
 14220 | Lair:1   | PolkaDot: Psh
 14220 | Lair:1   | PolkaDot: no :p
 14327 | Lair:1   | dondy: pretty sure lightning bolt doesn't hit out of los
 14328 | Lair:1   | PolkaDot: No?
 14328 | Lair:1   | PolkaDot: Hrm
 14328 | Lair:1   | dondy: you should really not corrode yourself ...
 14328 | Lair:1   | PolkaDot: And I know normal imb range doesn't reach edge of los
 14328 | Lair:1   | PolkaDot: and it's very unliekly to explode at that range
 14328 | Lair:1   | dondy: oh, i didn't know that
 14328 | Lair:1   | dondy: i thought the explosion was a given regardless
 14328 | Lair:1   | PolkaDot: mhmm
 14328 | Lair:1   | PolkaDot: nope
 14328 | Lair:1   | PolkaDot: a %
 14328 | Lair:1   | PolkaDot: that's higher the closer it is to you
 14328 | Lair:1   | dondy: i hate that spell even more now >.>
 14328 | Lair:1   | PolkaDot: XD
 14328 | Lair:1   | dondy: you left behind a wand of FIRE? :p
 14328 | Lair:1   | PolkaDot: apparently
 14328 | Lair:1   | PolkaDot: wouldn't help though
 14328 | Lair:1   | PolkaDot: not enough damage to avoid being spat at
 14328 | Lair:1   | PolkaDot: I'll come back later
 14328 | Lair:1   | PolkaDot: with more POWAH and dodging
 14329 | Lair:1   | dondy: hmm, some bushes can be set afire
 14359 | Lair:2   | dondy: though lightning bolt should've done that too...
 14359 | Lair:2   | PolkaDot: good point...
 14359 | Lair:2   | PolkaDot: LB lights things on fire?
 14363 | Lair:2   | dondy: well, it works on trees
 14364 | Lair:2   | PolkaDot: I must do this
 14364 | Lair:2   | dondy: so i thought it would work on bushes too
 14364 | Lair:2   | PolkaDot: I MUST
 14373 | Lair:2   | dondy: fireballs do at least
 14384 | Lair:2   | PolkaDot: I know fireballs do
 14384 | Lair:2   | dondy: it's nice if you get the forest ending and such :)
 14384 | Lair:2   | PolkaDot: I had toruble with a forest once
 14384 | Lair:2   | PolkaDot: ... Ended up blasting a lot of it away...
 14384 | Lair:2   | PolkaDot: Fire spreads
 14384 | Lair:2   | PolkaDot: it's cool :)
 14403 | Lair:2   | dondy: indeed :3
 14470 | Lair:2   | Noticed a six-headed hydra
 14477 | Lair:2   | dondy: HAIDRAAAAAA
 14478 | Lair:2   | PolkaDot: unexplored
 14478 | Lair:2   | PolkaDot: I'll 'sploe it in a mo'
 14478 | Lair:2   | PolkaDot: 'splode*
 14493 | Lair:2   | dondy: go up!
 14636 | Lair:2   | dondy: i will go to sleep :3
 14636 | Lair:2   | PolkaDot: why?
 14636 | Lair:2   | dondy: gf told me so :p
 14636 | Lair:2   | PolkaDot: I'm confuzzled
 14636 | Lair:2   | PolkaDot: XD
 14636 | Lair:2   | PolkaDot: ah
 14636 | Lair:2   | PolkaDot: enjoy :)
 14641 | Lair:2   | dondy: heh, gl to you ! :)
 14647 | Lair:2   | PolkaDot: thanks
 14704 | Lair:2   | Killed a six-headed hydra
 14823 | Lair:2   | Reached XP level 12. HP: 47/74 MP: 19/31
 14975 | Lair:2   | Reached skill level 5 in Dodging
 15300 | Lair:2   | Identified a scroll of acquirement
 15327 | Lair:2   | Learned a level 6 spell: Poisonous Cloud
 15407 | Lair:2   | Reached skill level 10 in Conjurations
 15768 | Lair:3   | Offered knowledge of Bolt of Draining by Vehumet.
 16203 | Lair:3   | Found a hole to the Spider Nest.
 16280 | Lair:3   | Found a staircase to the Shoals.
 16360 | Lair:3   | Reached skill level 10 in Air Magic
 16447 | Lair:3   | Learned a level 5 spell: Bolt of Draining
 16478 | Lair:3   | Noticed Snorg
 16500 | Lair:3   | HP: 1/74 [Snorg (13)]
 16502 | Lair:3   | Mangled by Snorg

Action                   |  1- 3 |  4- 6 |  7- 9 | 10-12 || total
-------------------------+-------+-------+-------+-------++-------
Melee: Short sword       |    26 |       |       |       ||    26
       Dagger            |     3 |    17 |       |       ||    20
       Whip              |       |    53 |    86 |   101 ||   240
       Staff             |       |       |       |     1 ||     1
 Cast: Magic Dart        |    55 |    31 |    21 |    58 ||   165
       Searing Ray       |     4 |    29 |    93 |   130 ||   256
       Sting             |       |    14 |       |   128 ||   142
       Throw Frost       |       |       |     9 |     2 ||    11
       Mephitic Cloud    |       |       |     2 |    31 ||    33
       Iskenderun's Myst |       |       |     1 |    62 ||    63
       Lightning Bolt    |       |       |     1 |    19 ||    20
       Blink             |       |       |       |     1 ||     1
       Poisonous Cloud   |       |       |       |    18 ||    18
       Freeze            |       |       |       |     1 ||     1
 Abil: Bottle Blood      |       |       |    32 |    51 ||    83
Evoke: Wand              |       |       |     3 |     1 ||     4
  Use: Potion            |     3 |     3 |    34 |    62 ||   102
       Scroll            |     4 |     7 |    19 |    11 ||    41
 Stab: Sleeping          |       |     2 |     1 |     1 ||     4
       Confused          |       |       |       |     5 ||     5
